 Dungeon Crawl Stone Soup version 0.29-a0-483-g69413ace17 (webtiles) character file.

Game seed: 3423762284467726885

83 Hubjo the Firebug (level 4, -2/26 HPs)
             Began as a Deep Elf Fire Elementalist on May 25, 2022.
             Slain by Grinder (3 damage)
             ... on level 4 of the Dungeon.
             The game lasted 00:02:34 (4081 turns).

Hubjo the Firebug (Deep Elf Fire Elementalist)      Turns: 4081, Time: 00:02:36

Health: -2/26      AC:  2    Str:  5    XL:     4   Next: 22%
Magic:  6/11       EV: 12    Int: 22    God:
Gold:   103        SH:  0    Dex: 15    Spells: 9/10 levels left

rFire   . . .      SeeInvis .   k - +2 mace (protect)
rCold   . . .      Faith    .   (no shield)
rNeg    . . .      Spirit   .   a - +0 robe
rPois   .          Reflect  .   (no helmet)
rElec   .          Harm     .   (no cloak)
rCorr   .          Rampage  .   (no gloves)
Will    .....                   (no boots)
Stlth   ++........              (no amulet)
HPRegen 0.08/turn               o - +4 ring of slaying
MPRegen 0.12/turn               (no ring)

@: no status effects
A: no striking features
a: no special abilities


You were on level 4 of the Dungeon.
You visited 1 branch of the dungeon, and saw 4 of its levels.

You collected 103 gold pieces.

Inventory:

Hand Weapons
 k - a +2 mace of protection (weapon)
Armour
 a - a +0 robe (worn)
Jewellery
 o - a +4 ring of slaying (left hand)
Scrolls
 e - a scroll of amnesia
 g - a scroll of vulnerability
 l - a scroll of teleportation
 n - 2 scrolls of enchant armour
 r - a scroll of summoning {unknown}
 s - a scroll of fog {unknown}
Potions
 b - a potion of magic
 c - 3 potions of lignification {unknown}
 f - a potion of heal wounds {unknown}
 h - a potion of might {unknown}
 i - a potion of mutation {unknown}
 j - 2 potions of curing {unknown}
 m - 2 potions of attraction {unknown}
 p - 2 potions of invisibility {unknown}
 q - a potion of brilliance {unknown}


   Skills:
 * Level 1.8 Fighting
 - Level 2.4 Dodging
 + Level 3.3 Stealth
 + Level 3.8 Spellcasting
 - Level 1.1 Conjurations
 * Level 3.9 Fire Magic


You had 9 spell levels left.
You knew the following spells:

 Your Spells              Type           Power      Damage    Failure   Level
a - Foxfire               Conj/Fire      60%        2x1d7     4%          1

Your spell library contained the following spells:

 Spells                   Type           Power      Damage    Failure   Level
 Scorch                   Fire           42%        2d7       3%          2
 Apportation              Tloc           8%         N/A       12%         1
 Necrotize                Necr           16%        1d4       12%         1
 Summon Small Mammal      Summ           16%        N/A       12%         1
 Conjure Flame            Conj/Fire      15%        6-21      12%         3
 Inner Flame              Hex/Fire       12%        N/A       16%         3
 Flame Wave               Conj/Fire      15%        2d6       38%         4
 Fireball                 Conj/Fire      7%         3d5       75%         5
 Starburst                Conj/Fire      7%         6d4       99%         6
 Ignition                 Fire           10%        3d5       100%        8


Dungeon Overview and Level Annotations

Branches:
Dungeon (4/15)
 Temple: D:4-7

Altars:

Shops:
D:4 ?

Annotations:
D:4 Grinder


Message History

There are monsters nearby!
There are monsters nearby!
You conjure some foxfire!
The foxfire hits Grinder.
Grinder is lightly wounded.
The foxfire hits Grinder.
Grinder is moderately wounded.
The foxfire hits Grinder.
Grinder is moderately wounded.
Grinder gestures at you. Pain shoots through your body!
Ouch! That really hurt!
You are too injured to fight recklessly!
You are too injured to fight recklessly!
Casting: Foxfire (safe; 4% risk of failure)
Confirm with . or Enter, or press ? or * to list all spells.
You don't know that spell.
Casting: Foxfire (safe; 4% risk of failure)
Confirm with . or Enter, or press ? or * to list all spells.
You conjure some foxfire!
The foxfire hits Grinder.
Grinder is moderately wounded.
The foxfire hits Grinder!
Grinder is heavily wounded.
The foxfire hits Grinder.
Grinder is severely wounded.
You barely miss Grinder.
Grinder is severely wounded.
The foxfire hits Grinder.
Grinder is severely wounded.
You closely miss Grinder.
Grinder is severely wounded.
Grinder gestures at you. Pain shoots through your body!
You closely miss Grinder.
Grinder is severely wounded.
Grinder hits you!
* * * LOW HITPOINT WARNING * * *
Grinder hits you.
* * * LOW HITPOINT WARNING * * *
You writhe in agony.
You die...

###### #<...#
#....# #
#....######.##
#....#........
#....#........
###.##@5......
#....g......
#..)<.......
#.............
#...####.....>.∩
...## #........
## ......#..
..###.##. ## .#


You could see Grinder and a hobgoblin.

Vanquished Creatures
  An iguana (D:4)
  An adder (D:2)
  An orc (D:3)
  5 bats
  7 endoplasms
  A giant cockroach (D:1)
  9 hobgoblins
  4 kobolds
  A quokka (D:1)
  4 ball pythons
  4 frilled lizards
  4 goblins
  2 rats
44 creatures vanquished.

Vanquished Creatures (collateral kills)
  8 foxfires (D:1)
8 creatures vanquished.

Vanquished Creatures (others)
  351 foxfires
351 creatures vanquished.

Grand Total: 403 creatures vanquished

Notes
Turn   | Place    | Note
-------+----------+-------------------------------------------
     0 | D:1      | Hubjo the Deep Elf Fire Elementalist began the quest for
                  | the Orb.
     0 | D:1      | Reached XP level 1. HP: 10/10 MP: 6/6
   596 | D:1      | Reached XP level 2. HP: 16/16 MP: 1/8
  1123 | D:1      | Found a faded altar of an unknown god.
  1155 | D:1      | Reached skill level 1 in Fighting
  1948 | D:2      | Reached XP level 3. HP: 20/20 MP: 4/9
  3889 | D:4      | Reached XP level 4. HP: 11/26 MP: 4/11
  4072 | D:4      | Found Ziroeh's Magic Scroll Emporium.
  4072 | D:4      | Noticed Grinder
  4081 | D:4      | HP: 1/26 [Grinder (3)]
  4081 | D:4      | Slain by Grinder

Illustrated notes

Levels and vault maps discovered:
D:1:      arrival_zaba_pyramid, layout_basic, dreamdust_ecumenical_altar_grove
D:2:      layout_basic
D:3:      layout_loops_ring, minmay_strange_pillars
D:4:      layout_rooms, grunt_temple_overflow_gold_and_silver, serial_shops,
          shop, nicolae_stop_n_shop_2, nzn_random_ring, uniq_grinder,
          uniq_natasha, uniq_crazy_yiuf_cottage

Skill      XL: |  1  2 |
---------------+-------+-----
Fighting       | 1 |  1.8
Stealth        | 3 |  3.3
Dodging        | |  2.4
Spellcasting   | |  3.8
Conjurations   | |  1.1
Fire Magic     | |  3.9

Action                   |  1- 3 |  4- 6 || total
-------------------------+-------+-------++-------
Melee: Mace              |    13 |     3 ||    16
 Cast: Foxfire           |   201 |    10 ||   211
  Use: Scroll            |     5 |       ||     5
 Stab: Sleeping          |     1 |       ||     1
Armor: Robe              |     8 |       ||     8
Dodge: Dodged            |    20 |       ||    20

Table legend: (Time is in decaauts)
 A = Elapsed time spent in this place.
 B = Non-inter-level travel time spent in this place.
 C = Inter-level travel time spent in this place.
 D = Time resting spent in this place.
 E = Time spent auto-exploring this place.
 F = Levels seen in this place.
 G = Mean time per level.
                   A        B        C        D        E       F      G
               +--------+--------+--------+--------+--------+-----+--------+
         Total |   4085 |   3837 |    248 |      0 |   3440 |   4 | 1021.2 |
       Dungeon |   4085 |   3837 |    248 |      0 |   3440 |   4 | 1021.2 |
               +--------+--------+--------+--------+--------+-----+--------+

Top non-repeatable levels by time:
     D:1: 1450 daAuts
     D:3: 1237 daAuts
     D:2: 1139 daAuts
     D:4: 257 daAuts
